 Dungeon Crawl Stone Soup version 0.23-a0-419-g0174fd8 (webtiles) character file.

436 wilfster70 the Shield-Bearer (level 7, -13/55 HPs)
             Began as a Formicid Fighter on Nov 12, 2018.
             Was a Follower of Wu Jian.
             Mangled by an ogre
             ... wielding a +0 giant club
              (23 damage)
             ... on level 5 of the Dungeon.
             The game lasted 00:15:27 (3815 turns).

wilfster70 the Shield-Bearer (Formicid Fighter)     Turns: 3815, Time: 00:15:28

Health: -13/55     AC: 11    Str: 28    XL:     7   Next: 21%
Magic:  7/7        EV:  6    Int:  7    God:    Wu Jian [*.....]
Gold:   207        SH: 10    Dex: 10    Spells: 6/6 levels left

rFire    . . .     SeeInvis +   a - +0 war axe
rCold    . . .     Gourm    .   c - +0 shield
rNeg     . . .     Faith    .   g - +0 plate armour
rPois    .         Spirit   .   (helmet unavailable)
rElec    .         Reflect  .   (no cloak)
rCorr    .         Harm     .   (no gloves)
MR       .....                  (no boots)
Stlth    ..........             (no amulet)
HPRegen  0.18/turn              s - ring of flight
MPRegen  0.10/turn              (no ring)

@: mighty
A: permanent stasis, dig shafts and tunnels, four strong arms, antennae 3
a: Dig, Shaft Self, Renounce Religion, Evoke Flight


You were on level 5 of the Dungeon.
You worshipped Wu Jian.
Wu Jian was aware of your devotion.
You were not hungry.

You visited 1 branch of the dungeon, and saw 5 of its levels.

You collected 207 gold pieces.

Inventory:

Hand Weapons
 a - a +0 war axe (weapon)
 b - a +0 longbow
Missiles
 p - 57 arrows
Armour
 c - a +0 shield (worn)
 g - a +0 plate armour (worn)
Jewellery
 s - a ring of flight (left hand)
Wands
 j - a wand of random effects (19)
Scrolls
 n - a scroll of fog {unknown}
 q - 2 scrolls of magic mapping
 r - a scroll of enchant weapon {unknown}
Potions
 m - 2 potions of lignification
 o - a potion of invisibility
 t - a potion of resistance {unknown}
 u - a potion of agility {unknown}
Comestibles
 f - 8 rations
 h - 3 chunks of flesh


   Skills:
 + Level 4.8 Fighting
 * Level 5.0 Axes
 - Level 4.1 Armour
 + Level 5.4 Shields


You had 6 spell levels left.
You didn't know any spells.
Your spell library was empty.

Dungeon Overview and Level Annotations

Branches:
Dungeon (5/15)             Temple (0/1) D:4

Altars:
Ashenzari
Dithmenos
Gozag
Makhleb
Qazlal
Wu Jian
Yredelemnul

Shops:
D:4 (*=(


Innate Abilities, Weirdness & Mutations

You cannot be hasted, slowed, berserked, paralysed or teleported.
You can dig through walls and to a lower floor.
Your four strong arms can wield two-handed weapons with a shield.
You have a pair of large antennae on your head. (SInv)


Message History

The Council accepts your kill.
Your Axes skill increases to level 5!
You have reached level 7!
An ogre comes into view. It is wielding a +0 giant club.
The ogre shouts!
You hear an angry hiss.
A ball python comes into view.
You feel very mighty all of a sudden. The ogre hits you with a +0 giant club!
Some of the chunks of flesh in your inventory have rotted away.
You slice the ogre!!
The ogre is severely wounded.
You block the ogre's attack.
You hit the ogre.
The ogre is almost dead.
The ogre hits you with a +0 giant club!!
* * * LOW HITPOINT WARNING * * *
You closely miss the ogre.
The ogre is almost dead.
The ogre hits you with a +0 giant club!!
You die...

. ###.##.)....#.##.........
##.##..............#####
#..##.............##
#.......#.#######.#
#..#.#..#.... #†#
#..#......##.# #.#
#..#.#######.# #.#
#..#.....###.####.#
#..##........@OS..#######
####..##.##.###.###.........
#.....##)# .... +.........
#.##.###.## #.#####.........
#.##......# #.... #.........
..#######.# #..# #.......##
..+....>..# #..# #.##....#
..#######.# #..# ..# ....#
..# #.# #..# ## ....#


You could see an ogre and a ball python.

Vanquished Creatures
  An ice beast (D:5)
  A sky beast (D:5)
  An orc priest (D:5)
  An orc wizard (D:5)
  An iguana (D:4)
  2 worker ants
  A worker ant zombie (D:5)
  2 adders (D:2)
  A worm (D:3)
  A dart slug (D:1)
  14 orcs
  4 giant cockroaches
  8 goblins
  14 hobgoblins
  8 jackals
  6 kobolds
  6 bats
  7 rats
  A spectral orc (D:3)
80 creatures vanquished.

Notes
Turn   | Place    | Note
-------+----------+-------------------------------------------
     0 | D:1      | wilfster70 the Formicid Fighter began the quest for the
                  | Orb.
     0 | D:1      | Reached XP level 1. HP: 18/18 MP: 1/1
   145 | D:1      | Reached XP level 2. HP: 19/24 MP: 2/2
   645 | D:1      | Reached XP level 3. HP: 29/29 MP: 3/3
   980 | D:2      | Found an ornate altar of the Wu Jian Council.
  1038 | D:2      | Found a stormy altar of Qazlal.
  1038 | D:2      | Found a shattered altar of Ashenzari.
  1039 | D:2      | Found an opulent altar of Gozag.
  1039 | D:2      | Found a shadowy altar of Dithmenos.
  1048 | D:2      | Became a worshipper of the Wu Jian Council
  1331 | D:2      | Reached XP level 4. HP: 36/37 MP: 4/4
  1763 | D:2      | Reached * piety under Wu Jian
  2386 | D:3      | Found a basalt altar of Yredelemnul.
  2514 | D:3      | Reached XP level 5. HP: 40/42 MP: 5/5
  2894 | D:4      | Found Beneh's Assorted Antiques.
  2955 | D:4      | Found Texeawun's Weapon Emporium.
  3035 | D:4      | Found Kopralue's Weapon Shop.
  3089 | D:4      | Found a staircase to the Ecumenical Temple.
  3164 | D:4      | Found a burning altar of Makhleb.
  3262 | D:4      | Found Ohucseimp's Jewellery Shop.
  3532 | D:5      | Entered Level 5 of the Dungeon
  3596 | D:5      | Reached XP level 6. HP: 47/48 MP: 6/6
  3768 | D:5      | Noticed an ice beast
  3769 | D:5      | Noticed a sky beast
  3785 | D:5      | HP: 1/49 [ice beast (10)]
  3791 | D:5      | Killed an ice beast
  3791 | D:5      | Reached skill level 5 in Shields
  3803 | D:5      | Killed a sky beast
  3803 | D:5      | Reached skill level 5 in Axes
  3803 | D:5      | Reached XP level 7. HP: 36/55 MP: 7/7
  3815 | D:5      | Mangled by an ogre

Vault maps used:
D:1:      dpeg_arrival_concentric_ovals
D:2:      nicolae_overflow_hidden_temple, first_ration
D:3:      yredelemnul_forgotten_temple_becter, minmay_misc_feat_roman
D:4:      nicolae_overflow_crystal_walls, temple_doors_ab, serial_shops,
          nicolae_shop_temple_entry_statues_fountains, shop, nicolae_shop_trees,
          nicolae_shop_statue_plus
D:5:      uniq_crazy_yiuf_cottage

Skill      XL: |  1  2  3  4  5  6 |
---------------+-------------------+-----
Shields        | 4 5 |  5.4
Axes           | 3 4 5 |  5.0
Fighting       | 4 |  4.8
Armour         | 4 |  4.1

Action                   |  1- 3 |  4- 6 |  7- 9 || total
-------------------------+-------+-------+-------++-------
Melee: War axe           |   122 |   195 |     3 ||   320
Invok: Lunge             |     4 |     9 |       ||    13
       Whirlwind         |       |     4 |       ||     4
 Abil: Dig               |     5 |     1 |       ||     6
  Use: Scroll            |       |     9 |       ||     9
       Potion            |       |     2 |     1 ||     3
 Stab: Sleeping          |     1 |       |       ||     1
  Eat: Chunk             |     1 |     9 |       ||    10
Armor: Scale mail        |    56 |       |       ||    56
       Plate armour      |    15 |    90 |       ||   105
Dodge: Dodged            |    43 |    29 |       ||    72
Block: Shield            |    70 |    85 |     1 ||   156

Table legend:
 A = Non-vault XP
 B = Vault XP
 C = Vault XP percentage of total XP
 D = Non-vault monster count
 E = Vault monster count
 F = Vault count percentage of total count
                 A         B        C        D         E       F
            +---------+---------+-------+---------+---------+-------
      Total |     622 |       1 |   0.2 |      79 |       1 |   1.2
            +---------+---------+-------+---------+---------+-------
        D:1 |      43 |       0 |   0.0 |      23 |       0 |   0.0
        D:2 |      58 |       0 |   0.0 |      22 |       0 |   0.0
        D:3 |      48 |       1 |   2.0 |      19 |       1 |   5.0
        D:4 |      72 |       0 |   0.0 |       3 |       0 |   0.0
        D:5 |     401 |       0 |   0.0 |      12 |       0 |   0.0
            +---------+---------+-------+---------+---------+-------
